[Event "ICC tourney 2500 (45 10)"]
[Site "Internet Chess Club"]
[Date "2021.04.10"]
[Round "4"]
[White "MOSS, MARVIN:mmoss2932"]
[Black "PATEL, SOHAM:SPBrain"]
[Result "1-0"]
[ICCResult "Black checkmated"]
[WhiteElo "1688"]
[BlackElo "1248"]
[Opening "QGD: 6.Nf3"]
[ECO "D55"]
[NIC "QP.06"]
[Time "18:31:21"]
[PlyCount "31"]
[TimeControl "2700+10"]

1. d4 Nf6 2. Nf3 d5 3. c4 e6 4. Nc3 Be7 5. Bg5 O-O 6. e3 Nc6 7. Rc1 b6 8.
cxd5 Nxd5 9. Nxd5 Bxg5 10. Nxc7 Qxc7 11. Nxg5 Bb7 12. Bd3 Qe7 13. Bxh7+ Kh8
14. Qh5 Qb4+ 15. Rc3 Rfc8 16. Nxf7# { Black checkmated } 1-0

[Event "ICC tourney 2500 (45 10)"]
[Site "Internet Chess Club"]
[Date "2021.04.10"]
[Round "4"]
[White "WANG, YUANZHE:yogokings12"]
[Black "TANG, VINCENT:VincentT2008"]
[Result "1-0"]
[ICCResult "Black resigns"]
[WhiteElo "1592"]
[BlackElo "1744"]
[Opening "KGA: bishop's gambit"]
[ECO "C33"]
[NIC "KG.03"]
[Time "18:31:52"]
[PlyCount "30"]
[TimeControl "2700+10"]

1. e4 e5 2. f4 exf4 3. Bc4 Qh4+ 4. Kf1 Nf6 5. Nf3 Qh5 6. Nc3 Nc6 7. d4 Bb4
8. e5 Ng4 9. Nd5 Ba5 10. Nxf4 Qh6 11. h3 g5 12. Nd5 d6 13. Bxg5 Qh5 14. Kg1
Kf8 15. hxg4 Qg6 { Black resigns } 1-0

[Event "ICC tourney 2500 (45 10)"]
[Site "Internet Chess Club"]
[Date "2021.04.10"]
[Round "4"]
[White "HUSSAIN, FARAZ:ExceptionalFork"]
[Black "PAN, CHRIS:Chris0708"]
[Result "0-1"]
[ICCResult "White resigns"]
[WhiteElo "1313"]
[BlackElo "1354"]
[Opening "Two knights defense"]
[ECO "C55"]
[NIC "IG.01"]
[Time "18:31:15"]
[PlyCount "68"]
[TimeControl "2700+10"]

1. e4 e5 2. Nf3 Nc6 3. Bc4 Nf6 4. O-O Be7 5. d3 h6 6. Nc3 O-O 7. d4 exd4 8.
Nxd4 Bc5 9. Nf5 d6 10. Be3 Bb6 11. Nd5 Nxe4 12. Qg4 Bxf5 13. Qxf5 Nf6 14.
Nxb6 axb6 15. Bxh6 gxh6 16. Qg6+ Kh8 17. Qxh6+ Nh7 18. Bd3 f5 19. g4 Qf6
20. Qxf6+ Nxf6 21. Bxf5 Nd4 22. Bd3 Nxg4 23. h3 Ne5 24. Be4 Rg8+ 25. Kh1 c6
26. c3 Ndf3 27. Rad1 d5 28. Bf5 Rg7 29. b3 Rg5 30. Be6 Rf8 31. c4 d4 32.
Bg4 Nxg4 33. hxg4 Rxg4 34. Rd3 Rf7 { White resigns } 0-1

[Event "ICC tourney 2500 (45 10)"]
[Site "Internet Chess Club"]
[Date "2021.04.10"]
[Round "4"]
[White "WANG, TED:tedwpnw"]
[Black "THOMAS, MICHAEL G:chesslin"]
[Result "0-1"]
[ICCResult "White checkmated"]
[WhiteElo "1482"]
[BlackElo "1723"]
[Opening "Sicilian defense"]
[ECO "B33"]
[NIC "SI.34"]
[Time "18:31:53"]
[PlyCount "96"]
[TimeControl "2700+10"]

1. e4 c5 2. Nf3 Nc6 3. d4 cxd4 4. Nxd4 Nf6 5. Nc3 e6 6. Be3 Bb4 7. Nxc6
Bxc3+ 8. bxc3 bxc6 9. Bd3 Qa5 10. O-O e5 11. c4 d6 12. h3 Be6 13. f4 O-O
14. f5 Bc8 15. Bg5 Nd7 16. f6 g6 17. Bh6 Re8 18. Qc1 Nc5 19. Bg7 Ba6 20.
Qh6 Ne6 21. h4 Bxc4 22. h5 g5 23. Rf5 Bxd3 24. cxd3 Qd2 25. Raf1 Rab8 26.
R1f3 Rb2 27. Rg3 Rb1+ 28. Kh2 Qc1 29. Rgxg5 Nxg5 30. Rxg5 Qf4+ 31. Rg3 Rh1+
32. Kxh1 Qxg3 33. Qc1 Rb8 34. Qd1 Rb2 35. Qf1 Rf2 36. Qxf2 Qxf2 37. Kh2
Qxa2 38. Kh3 Qb3 39. g4 a5 40. Kh4 a4 41. g5 a3 42. g6 hxg6 43. h6 a2 44.
Bf8 Qxd3 45. Bg7 Qxe4+ 46. Kg5 a1=Q 47. h7+ Kxh7 48. Bf8 Qg1# { White
checkmated } 0-1

[Event "ICC tourney 2500 (45 10)"]
[Site "Internet Chess Club"]
[Date "2021.04.10"]
[Round "4"]
[White "LIAO, CONNOR:che2468"]
[Black "Jang, Jia-Syuan Eric:tricksterssbu"]
[Result "0-1"]
[ICCResult "White checkmated"]
[WhiteElo "1488"]
[BlackElo "1594"]
[Opening "Queen's pawn: Chigorin variation"]
[ECO "D00"]
[NIC "QP.08"]
[Time "18:31:53"]
[PlyCount "130"]
[TimeControl "2700+10"]

1. d4 d5 2. Nc3 e6 3. Bf4 c6 4. e3 Nf6 5. Nf3 Nbd7 6. Bd3 Be7 7. O-O O-O 8.
Ne5 c5 9. Bg3 cxd4 10. exd4 Qb6 11. Na4 Qa5 12. Nc3 a6 13. Kh1 b5 14. f4
Bb7 15. Bh4 Nb6 16. Rf3 Nc4 17. Bxf6 Nxb2 18. Bxh7+ Kh8 19. Qe2 Bxf6 20.
Rh3 g5 21. Bg6+ Kg7 22. Qh5 Rh8 23. Qg4 fxg6 24. Qxe6 Qc7 25. Rxh8 Rxh8 26.
Nxd5 Bxd5 27. Qxd5 gxf4 28. Ng4 Rd8 29. Qe6 Qe7 30. Qxa6 Rxd4 31. Nxf6 Qxf6
32. Qa7+ Kh6 33. Qb8 Qd8 34. Qa7 Rd1+ 35. Rxd1 Qxd1+ 36. Qg1 Qxc2 37. Qf1
Qd1 38. Qxd1 Nxd1 39. Kg1 Nc3 40. a3 Nb1 41. Kf2 Nxa3 42. Ke2 Nc4 43. Kd3
Ne3 44. g3 Ng2 45. gxf4 Nxf4+ 46. Kc3 Kg5 47. Kb4 Kh4 48. Kxb5 Kh3 49. Kc4
Kxh2 50. Kd4 Kg3 51. Ke3 g5 52. Kd2 Kf2 53. Kc3 g4 54. Kd4 g3 55. Ke5 g2
56. Kxf4 g1=Q 57. Ke4 Qg3 58. Kd4 Qf3 59. Kc4 Qe3 60. Kb4 Qd3 61. Ka4 Qb1
62. Ka3 Ke3 63. Ka4 Kd4 64. Ka5 Kc5 65. Ka6 Qb6# { White checkmated } 0-1

[Event "ICC tourney 2500 (45 10)"]
[Site "Internet Chess Club"]
[Date "2021.04.10"]
[Round "4"]
[White "DURANKO, GARY:gduranko"]
[Black "LI, EMMA:BulbasaurMaster"]
[Result "1-0"]
[ICCResult "Black resigns"]
[WhiteElo "1412"]
[BlackElo "1390"]
[Opening "Ruy Lopez: modern Steinitz defense"]
[ECO "C71"]
[NIC "RL.10"]
[Time "18:31:20"]
[PlyCount "39"]
[TimeControl "2700+10"]

1. e4 e5 2. Nf3 Nc6 3. Bb5 a6 4. Ba4 d6 5. d4 b5 6. Bb3 Nxd4 7. Bd5 c6 8.
Bb3 Bg4 9. c3 Nxf3+ 10. gxf3 Bh5 11. Be3 Qf6 12. Nd2 Ne7 13. Rg1 Ng6 14.
Bg5 Qxg5 15. Rxg5 Be7 16. Rxh5 Nf4 17. Rf5 O-O 18. Rxf4 exf4 19. Qe2 c5 20.
Bd5 { Black resigns } 1-0

[Event "ICC tourney 2500 (45 10)"]
[Site "Internet Chess Club"]
[Date "2021.04.10"]
[Round "4"]
[White "TIONG, RACHAEL:rachael1120"]
[Black "WU, WENTAO:Threehundreds"]
[Result "1-0"]
[ICCResult "Black resigns"]
[WhiteElo "1631"]
[BlackElo "1467"]
[Opening "Giuoco Piano"]
[ECO "C54"]
[NIC "IG.02"]
[Time "18:31:18"]
[PlyCount "87"]
[TimeControl "2700+10"]

1. e4 e5 2. Nf3 Nc6 3. Bc4 Bc5 4. c3 Nf6 5. d4 exd4 6. cxd4 Bb4+ 7. Bd2
Nxe4 8. Bxb4 Nxb4 9. Bxf7+ Kxf7 10. Qb3+ Kf8 11. Qxb4+ Qe7 12. Qxe7+ Kxe7
13. Nbd2 Nxd2 14. Kxd2 d6 15. Rac1 c6 16. Rhe1+ Kf6 17. Re4 Bf5 18. Re3
Rhe8 19. Rb3 Rab8 20. a3 Be6 21. Rbc3 Bd5 22. b4 a6 23. Rg1 Re6 24. Ne1
Rbe8 25. Re3 Re4 26. Nc2 Bb3 27. Rxb3 Re2+ 28. Kd1 Kg6 29. Re1 Rxe1+ 30.
Nxe1 Re4 31. Nf3 Kf7 32. Ng5+ Kf6 33. Nxe4+ Ke6 34. Rd3 h6 35. Nc3 b5 36.
Re3+ Kd7 37. f4 d5 38. g4 g6 39. f5 gxf5 40. gxf5 h5 41. f6 h4 42. f7 h3
43. f8=Q Kc7 44. Re7+ { Black resigns } 1-0

[Event "ICC tourney 2500 (45 10)"]
[Site "Internet Chess Club"]
[Date "2021.04.10"]
[Round "4"]
[White "BULLEIGH, ADAM LEE:AlekhinesGunn"]
[Black "XIONG, LANG:langlglang"]
[Result "1-0"]
[ICCResult "Black resigns"]
[WhiteElo "1734"]
[BlackElo "1644"]
[Opening "Caro-Kann: classical, Spassky variation"]
[ECO "B19"]
[NIC "CK.12"]
[Time "18:31:51"]
[PlyCount "67"]
[TimeControl "2700+10"]

1. e4 c6 2. d4 d5 3. Nc3 dxe4 4. Nxe4 Bf5 5. Ng3 Bg6 6. h4 h6 7. Nf3 Nd7 8.
h5 Bh7 9. Bd3 Bxd3 10. Qxd3 Ngf6 11. Bf4 e6 12. O-O-O Nd5 13. Bd2 a5 14. c4
Nb4 15. Qb3 Nb6 16. Bxb4 axb4 17. Ne4 Ra7 18. Rhe1 Be7 19. Kb1 Qa8 20. Ne5
O-O 21. Nc5 Na4 22. Nxa4 Rxa4 23. Nd7 Bf6 24. Nxf6+ gxf6 25. d5 e5 26. d6
c5 27. Re3 Rd8 28. Rg3+ Kf8 29. Qe3 Rxa2 30. Qxh6+ Ke8 31. Qxf6 Ra1+ 32.
Kc2 Qa4+ 33. Rb3 Rxd6 34. Rxd6 { Black resigns } 1-0

[Event "ICC tourney 2500 (45 10)"]
[Site "Internet Chess Club"]
[Date "2021.04.10"]
[Round "4"]
[White "Xiao, Michael:michaelxiao"]
[Black "VALE CRUZ, ARMIN:trucker"]
[Result "0-1"]
[ICCResult "White resigns"]
[WhiteElo "1272"]
[BlackElo "1664"]
[Opening "Giuoco Piano"]
[ECO "C54"]
[NIC "IG.02"]
[Time "18:31:43"]
[PlyCount "50"]
[TimeControl "2700+10"]

1. e4 e5 2. Nf3 Nc6 3. Bc4 Bc5 4. c3 Nf6 5. d4 exd4 6. cxd4 Bb4+ 7. Bd2 O-O
8. Bxb4 Nxb4 9. e5 d5 10. Be2 Ne4 11. a3 Nc6 12. O-O Bg4 13. Nc3 f6 14. h3
Be6 15. exf6 Qxf6 16. Qd3 Rae8 17. Nxe4 dxe4 18. Qxe4 Bxh3 19. Bc4+ Kh8 20.
Qd3 Bg4 21. Ne5 Nxe5 22. dxe5 Rxe5 23. Qd4 Bf3 24. Rae1 Qg6 25. g4 Rh5 {
White resigns } 0-1

[Event "ICC tourney 2500 (45 10)"]
[Site "Internet Chess Club"]
[Date "2021.04.10"]
[Round "4"]
[White "CHENG, ERIC:EricCheng-131"]
[Black "Huang, Bill:Elainelu"]
[Result "1/2-1/2"]
[ICCResult "Game drawn by mutual agreement"]
[WhiteElo "1383"]
[BlackElo "1090"]
[Opening "Giuoco Piano"]
[ECO "C54"]
[NIC "IG.02"]
[Time "18:31:17"]
[PlyCount "89"]
[TimeControl "2700+10"]

1. e4 e5 2. Nf3 Nc6 3. Bc4 Bc5 4. c3 Nf6 5. d4 exd4 6. cxd4 Bb4+ 7. Bd2
Nxe4 8. Bxb4 Nxb4 9. Bxf7+ Kxf7 10. Qb3+ d5 11. Qxb4 Rf8 12. O-O Kg8 13.
Nbd2 a5 14. Qb3 Nxd2 15. Nxd2 Qg5 16. Nf3 Qd8 17. Rfe1 c6 18. Re5 Qf6 19.
Qe3 h6 20. Re1 Bg4 21. Nd2 Rad8 22. h3 Bd7 23. Nb3 b6 24. a4 Rf7 25. Re2
Qg6 26. Re7 Rdf8 27. Rxf7 Rxf7 28. Nd2 Kf8 29. Kh1 Qf5 30. Nf3 Qb1+ 31. Kh2
Qf5 32. Ne5 Rf6 33. g4 Qe6 34. Nxd7+ Qxd7 35. Qg3 b5 36. Qb8+ Kf7 37. axb5
cxb5 38. Rc2 Rc6 39. Qf4+ Rf6 40. Qg3 Rc6 41. Qf3+ Rf6 42. Qg3 Rc6 43. Rxc6
Qxc6 44. Qf4+ Qf6 45. Qc7+ { Game drawn by mutual agreement } 1/2-1/2

[Event "ICC tourney 2500 (45 10)"]
[Site "Internet Chess Club"]
[Date "2021.04.10"]
[Round "4"]
[White "JOHNSTON, DAVID T:waylander11"]
[Black "PU, LANDON:landonp"]
[Result "1-0"]
[ICCResult "Black checkmated"]
[WhiteElo "1661"]
[BlackElo "1480"]
[Opening "Scotch: Göring gambit"]
[ECO "C21"]
[NIC "KP.04"]
[Time "18:31:09"]
[PlyCount "57"]
[TimeControl "2700+10"]

1. e4 e5 2. d4 exd4 3. c3 dxc3 4. Nxc3 Nc6 5. Nf3 Bb4 6. Bc4 d6 7. Qb3 Qe7
8. O-O Bxc3 9. Qxc3 Nf6 10. Re1 O-O 11. Bg5 Ne5 12. Bb3 c6 13. Nd4 h6 14.
Bh4 Ng6 15. Nf5 Qd8 16. Bxf6 gxf6 17. Nxh6+ Kg7 18. Nf5+ Bxf5 19. exf5 Ne7
20. Qg3+ Kh7 21. Qh4+ Kg7 22. Qg4+ Kh7 23. Qh5+ Kg7 24. Qg4+ Kh7 25. Re3
Ng8 26. Rh3+ Nh6 27. Qh5 Rh8 28. Qxh6+ Kg8 29. Rg3# { Black checkmated }
1-0

[Event "ICC tourney 2500 (45 10)"]
[Site "Internet Chess Club"]
[Date "2021.04.10"]
[Round "4"]
[White "KONG, MILO JAMES:therealkingkong"]
[Black "BRAHMANAPALLY, SARVAGNYA:bsarvagnya"]
[Result "0-1"]
[ICCResult "White resigns"]
[WhiteElo "1589"]
[BlackElo "1318"]
[Opening "Ruy Lopez: old Steinitz defense"]
[ECO "C62"]
[NIC "RL.02"]
[Time "18:31:53"]
[PlyCount "60"]
[TimeControl "2700+10"]

1. e4 e5 2. Nf3 Nc6 3. Bb5 d6 4. d4 Nf6 5. d5 a6 6. Ba4 b5 7. Bb3 Nd4 8.
Nxd4 exd4 9. Qxd4 Be7 10. O-O O-O 11. f4 Nd7 12. e5 dxe5 13. fxe5 Bc5 14.
Be3 Bxd4 15. Bxd4 a5 16. a4 bxa4 17. Bxa4 Nb6 18. Bc6 Rb8 19. Rxa5 Bb7 20.
Bc5 Bxc6 21. Bxf8 Kxf8 22. dxc6 Nc4 23. Ra4 Nxe5 24. Raf4 f6 25. Nc3 Nxc6
26. Ne4 Kg8 27. Rg4 Kh8 28. Nc5 f5 29. Rxf5 Qd1+ 30. Rf1 Qxg4 { White
resigns } 0-1

[Event "ICC tourney 2500 (45 10)"]
[Site "Internet Chess Club"]
[Date "2021.04.10"]
[Round "4"]
[White "YU, ADRIAN:chessmonkey05"]
[Black "TREUSDELL, ROSS G:IveDoneEnough"]
[Result "1/2-1/2"]
[ICCResult "Game drawn because neither player has mating material"]
[WhiteElo "1617"]
[BlackElo "1649"]
[Opening "Sicilian: dragon, classical, Grigoriev variation"]
[ECO "B72"]
[NIC "SI.25"]
[Time "18:31:16"]
[PlyCount "160"]
[TimeControl "2700+10"]

1. e4 c5 2. Nf3 Nc6 3. d4 cxd4 4. Nxd4 Nf6 5. Nc3 d6 6. Be2 g6 7. Be3 Bg7
8. Qd2 O-O 9. O-O-O Ng4 10. Bxg4 Bxg4 11. f3 Bd7 12. h4 Ne5 13. Qe2 a6 14.
h5 b5 15. Kb1 Nc4 16. Bc1 Qb6 17. Nd5 Qd8 18. hxg6 fxg6 19. Bg5 Rf7 20. Qe1
Bf6 21. Nxf6+ exf6 22. Bc1 f5 23. b3 Ne5 24. Bb2 fxe4 25. Qxe4 Rc8 26. f4
Ng4 27. Ne6 Bxe6 28. Qxg6+ Kf8 29. Qxe6 Qd7 30. Qxd7 Rxd7 31. Rh4 Ne3 32.
Rd2 b4 33. Rh3 Ng4 34. Rhd3 Rc6 35. Rd4 a5 36. Rd5 Ne3 37. R5d3 Re7 38. Re2
Nf5 39. Rxe7 Kxe7 40. g4 Nh6 41. g5 Nf5 42. Rh3 Ke6 43. Rxh7 Ne3 44. Rh2
Kf5 45. Bc1 Nd5 46. Kb2 Nc3 47. Bd2 Ne4 48. a3 Nxd2 49. Rxd2 Kxf4 50. g6
Ke5 51. g7 Rc8 52. Rg2 Rg8 53. axb4 axb4 54. Rg4 d5 55. Rg5+ Ke6 56. Rg6+
Kf7 57. Rd6 Rxg7 58. Rxd5 Rg4 59. Kc1 Ke6 60. Rd8 Ke5 61. Kd2 Ke4 62. Re8+
Kd4 63. Rd8+ Kc5 64. Rc8+ Kb5 65. Kd3 Rg3+ 66. Ke4 Rg4+ 67. Kd5 Rg5+ 68.
Kd4 Rg4+ 69. Ke3 Rg3+ 70. Kf2 Rh3 71. Rc4 Rh2+ 72. Kg3 Re2 73. Kf3 Rh2 74.
Ke4 Rh4+ 75. Kd3 Rxc4 76. bxc4+ Kc5 77. Kd2 Kxc4 78. Kc1 Kc3 79. Kb1 b3 80.
cxb3 Kxb3 { Game drawn because neither player has mating material } 1/2-1/2

[Event "ICC tourney 2500 (45 10)"]
[Site "Internet Chess Club"]
[Date "2021.04.10"]
[Round "4"]
[White "WU, JONATHAN ZUANXU:wulovechess"]
[Black "THAIN, JACK:jt1819"]
[Result "1-0"]
[ICCResult "Black resigns"]
[WhiteElo "1511"]
[BlackElo "1734"]
[Opening "Caro-Kann: classical variation"]
[ECO "B18"]
[NIC "CK.10"]
[Time "18:31:08"]
[PlyCount "106"]
[TimeControl "2700+10"]

1. e4 c6 2. d4 d5 3. Nc3 dxe4 4. Nxe4 Bf5 5. Ng3 Bg6 6. Nf3 Nd7 7. Bd3 e6
8. Bf4 Ngf6 9. O-O Be7 10. Re1 Bxd3 11. Qxd3 Nd5 12. Nh5 Nxf4 13. Nxf4 O-O
14. Qb3 Qc7 15. Nxe6 fxe6 16. Rxe6 Kh8 17. Rxe7 Rae8 18. Rae1 Rxe7 19. Rxe7
Qd6 20. Qe6 Qxe6 21. Rxe6 h6 22. Re7 Rd8 23. Nh4 Nf6 24. c3 c5 25. Nf5 Ng8
26. Rxg7 Rf8 27. Rxb7 Rxf5 28. dxc5 Rxc5 29. Rxa7 Nf6 30. a4 Ne4 31. f3 Nd2
32. Kf2 Nb3 33. Rb7 Na5 34. Rb5 Rxb5 35. axb5 Kg7 36. Ke3 Kf6 37. Kd4 Ke6
38. b6 Kd6 39. b4 Nb7 40. c4 Kc6 41. c5 Nd8 42. Ke5 Kb5 43. Kf6 Kxb4 44. c6
Nxc6 45. b7 Kb5 46. Kg6 Kb6 47. Kxh6 Kxb7 48. Kg7 Kc7 49. h4 Kd6 50. h5 Nd8
51. h6 Ne6+ 52. Kf6 Nf8 53. Kf7 Nh7 { Black resigns } 1-0

[Event "ICC tourney 2500 (45 10)"]
[Site "Internet Chess Club"]
[Date "2021.04.10"]
[Round "4"]
[White "Sun, Ethan:ethansun188"]
[Black "HEBBAR, ESHAAN:solveur"]
[Result "0-1"]
[ICCResult "White checkmated"]
[WhiteElo "1456"]
[BlackElo "1680"]
[Opening "English opening"]
[ECO "A16"]
[NIC "EO.64"]
[Time "18:31:37"]
[PlyCount "138"]
[TimeControl "2700+10"]

1. c4 Nf6 2. Nc3 g6 3. g3 Bg7 4. Bg2 c6 5. Nf3 d6 6. d3 O-O 7. Bg5 h6 8.
Bxf6 Bxf6 9. h4 e5 10. e4 Bg7 11. h5 g5 12. Nd2 f5 13. Qe2 f4 14. b4 Na6
15. a3 Nc7 16. g4 Ne6 17. Nf3 Qf6 18. Na2 Nd4 19. Nxd4 exd4 20. f3 Bd7 21.
Kf2 d5 22. cxd5 cxd5 23. exd5 Rae8 24. Qd2 Re3 25. Rhe1 Qe5 26. Kf1 Re8 27.
Kf2 Bb5 28. Rac1 b6 29. Rcd1 Qxd5 30. Nc1 Ba4 31. Qa2 Qxa2+ 32. Nxa2 Bxd1
33. Rxd1 Re2+ 34. Kg1 Rxa2 35. Rc1 Rxa3 36. Bf1 Rc3 37. Ra1 Re7 38. Rb1 a5
39. bxa5 bxa5 40. Rb8+ Kf7 41. Ra8 Ra3 42. Kf2 Ra2+ 43. Kg1 a4 44. Bg2 a3
45. Kh2 Be5 46. Kh3 Bd6 47. Bf1 Bc5 48. Be2 Ra7 49. Rh8 Kg7 50. Rb8 Rb2 51.
Rd8 a2 52. Bd1 a1=Q 53. Rd5 Rh2+ 54. Kxh2 Qa2+ 55. Kh3 Qxd5 56. Bc2 Qxf3+
57. Kh2 Ra2 58. Kg1 Qxg4+ 59. Kh1 Qh4+ 60. Kg1 Qe1+ 61. Kg2 Rxc2+ 62. Kf3
Qg3+ 63. Ke4 Qe3+ 64. Kd5 Qe7 65. Kc6 Qd6+ 66. Kb7 Qb6+ 67. Kc8 Ra2 68. Kd7
Ra7+ 69. Kc8 Qc7# { White checkmated } 0-1

[Event "ICC tourney 2500 (45 10)"]
[Site "Internet Chess Club"]
[Date "2021.04.10"]
[Round "4"]
[White "ZHANG, SUNNY:AboardBuffalo"]
[Black "YUAN, SERENA:doudou2011"]
[Result "1-0"]
[ICCResult "Black resigns"]
[WhiteElo "1669"]
[BlackElo "1493"]
[Opening "Sicilian: Pelikan (Lasker/Sveshnikov) variation"]
[ECO "B33"]
[NIC "SI.35"]
[Time "18:31:18"]
[PlyCount "67"]
[TimeControl "2700+10"]

1. e4 c5 2. Nf3 Nc6 3. d4 cxd4 4. Nxd4 Nf6 5. Nc3 e5 6. Nb3 Bb4 7. Bd3 d5
8. exd5 Nxd5 9. Bd2 Nxc3 10. bxc3 Bd6 11. O-O O-O 12. c4 Be6 13. Bc3 Rc8
14. Re1 Qh4 15. Bxh7+ Qxh7 16. Qxd6 Rfd8 17. Qa3 Qxc2 18. Rac1 Qf5 19. Nc5
b6 20. Nb7 Bxc4 21. Nxd8 Rxd8 22. Qb2 Bd5 23. Bxe5 Qg4 24. Bg3 f5 25. f3
Qg5 26. Kh1 Kf7 27. Red1 Ne7 28. Rc7 Rh8 29. Qe5 Bxa2 30. Rxa7 Bb3 31. Re1
Re8 32. f4 Qf6 33. Qxf6+ Kxf6 34. Bh4+ { Black resigns } 1-0

[Event "ICC tourney 2500 (45 10)"]
[Site "Internet Chess Club"]
[Date "2021.04.10"]
[Round "4"]
[White "AYYAPPAN, SANTHOSH:SanthoshA"]
[Black "Gong, Andrew:TheDude865"]
[Result "1-0"]
[ICCResult "Black resigns"]
[WhiteElo "1661"]
[BlackElo "1521"]
[Opening "Giuoco Piano"]
[ECO "C54"]
[NIC "IG.02"]
[Time "18:31:52"]
[PlyCount "113"]
[TimeControl "2700+10"]

1. e4 e5 2. Nf3 Nc6 3. Bc4 Bc5 4. c3 Nf6 5. d4 exd4 6. e5 d5 7. Bb5 Ne4 8.
cxd4 Bb6 9. h3 Bd7 10. O-O O-O 11. Bxc6 Bxc6 12. Nc3 Nxc3 13. bxc3 Bb5 14.
Re1 h6 15. a4 Ba5 16. Ba3 Re8 17. axb5 Bxc3 18. Rc1 Bxe1 19. Qxe1 a6 20.
bxa6 Rxa6 21. Bb4 f6 22. Qc3 Rc6 23. Qd2 Rxc1+ 24. Qxc1 fxe5 25. Nxe5 c6
26. Qc5 Qc7 27. Ba5 Qe7 28. Qc2 Rb8 29. Bb6 Qe6 30. Qa2 Rc8 31. Qa5 Qe7 32.
Kh2 Qf6 33. Qd2 Rf8 34. Kg1 Qf5 35. Bc5 Rb8 36. Qb2 Qc8 37. Bb6 Ra8 38. g4
h5 39. Kg2 hxg4 40. hxg4 Qe6 41. Kg3 g5 42. Qd2 Qf6 43. Nf3 Ra3 44. Qe2
Qf4+ 45. Kg2 Qxg4+ 46. Kf1 Qxf3 47. Qe8+ Qf8 48. Qxf8+ Kxf8 49. Bc5+ Ke8
50. Bxa3 Kd7 51. Ke2 b6 52. Kf3 c5 53. dxc5 bxc5 54. Bxc5 Kc6 55. Be3 Kb5
56. Bxg5 Kc4 57. Ke2 { Black resigns } 1-0

[Event "ICC tourney 2500 (45 10)"]
[Site "Internet Chess Club"]
[Date "2021.04.10"]
[Round "4"]
[White "SLAGLE, JIM:Jim1108"]
[Black "JIN, DAVID:smartgoldfish"]
[Result "1/2-1/2"]
[ICCResult "Game drawn by repetition"]
[WhiteElo "1695"]
[BlackElo "1330"]
[Opening "Polish (Sokolsky) opening"]
[ECO "A00"]
[NIC "VO.10"]
[Time "18:31:21"]
[PlyCount "66"]
[TimeControl "2700+10"]

1. b4 e5 2. Bb2 e4 3. e3 Nf6 4. b5 d5 5. c4 c6 6. Nc3 Bc5 7. Qb3 O-O 8.
cxd5 cxd5 9. Nge2 Be6 10. Nf4 Qd6 11. Nxe6 fxe6 12. Be2 d4 13. exd4 Bxd4
14. O-O Nbd7 15. Na4 Ne5 16. h3 Nf3+ 17. gxf3 Qg3+ 18. Kh1 Qxh3+ 19. Kg1
Qg3+ 20. Kh1 Qh3+ 21. Kg1 Qg3+ 22. Kh1 Qh4+ 23. Kg1 Qg5+ 24. Kh1 Qh6+ 25.
Kg1 Qg6+ 26. Kh1 Qh6+ 27. Kg1 Qg6+ 28. Kh1 Qh6+ 29. Kg1 Qg6+ 30. Kh1 Qh6+
31. Kg1 Qg6+ 32. Kh1 Qh6+ 33. Kg1 Qg6+ { Game drawn by repetition } 1/2-1/2

[Event "ICC tourney 2500 (45 10)"]
[Site "Internet Chess Club"]
[Date "2021.04.10"]
[Round "4"]
[White "FURMAN, MIKHAIL:mfurm"]
[Black "SKARIAH, ANUSHKA ELIZABETH:kskariah"]
[Result "1-0"]
[ICCResult "Black checkmated"]
[WhiteElo "1897"]
[BlackElo "1352"]
[Opening "Queen's pawn game, Darooha variation "]
[ECO "D02"]
[NIC "QP.09"]
[Time "18:31:10"]
[PlyCount "103"]
[TimeControl "2700+10"]

1. Nf3 d5 2. d4 Nf6 3. c4 e6 4. Nbd2 c5 5. cxd5 exd5 6. e3 Nc6 7. dxc5 Bxc5
8. Bd3 Bg4 9. O-O O-O 10. a3 d4 11. Nb3 Bb6 12. exd4 Bxd4 13. Be2 Bxf3 14.
Bxf3 Be5 15. Bxc6 bxc6 16. f4 Bc7 17. g3 Nd5 18. Qf3 Bb6+ 19. Kh1 Re8 20.
Bd2 Qd7 21. Rae1 Rab8 22. Re2 Rxe2 23. Qxe2 Be3 24. Bxe3 Rxb3 25. Bd4 Rb8
26. Qe5 f6 27. Qxb8+ Kf7 28. Re1 Ne7 29. Qxa7 Qd5+ 30. Kg1 Qd6 31. Bc5 Qd5
32. Qxe7+ Kg6 33. Qe4+ Qxe4 34. Rxe4 Kf5 35. a4 Kxe4 36. a5 Kd5 37. a6 Kxc5
38. a7 Kd5 39. a8=Q Kd4 40. Qxc6 Kd3 41. Kf2 Kd4 42. b4 Kd3 43. Kf3 Kd2 44.
Qd5+ Kc3 45. Ke3 Kxb4 46. Qc6 Kb3 47. Kd4 Kb2 48. Kd3 Kb1 49. Kd2 Kb2 50.
Qb5+ Ka3 51. Kc3 Ka2 52. Qb2# { Black checkmated } 1-0

[Event "ICC tourney 2500 (45 10)"]
[Site "Internet Chess Club"]
[Date "2021.04.10"]
[Round "4"]
[White "WANG, CHLOE HEATHER:kittycat35"]
[Black "Xiao, Marina:marinaxiao"]
[Result "0-1"]
[ICCResult "White forfeits on time"]
[WhiteElo "1697"]
[BlackElo "1512"]
[Opening "Sicilian: Pelikan, Chelyabinsk variation"]
[ECO "B33"]
[NIC "SI.37"]
[Time "18:31:53"]
[PlyCount "66"]
[TimeControl "2700+10"]

1. e4 c5 2. Nf3 Nc6 3. d4 cxd4 4. Nxd4 Nf6 5. Nc3 e5 6. Ndb5 d6 7. Bg5 a6
8. Na3 b5 9. Nd5 Be7 10. Bxf6 Bxf6 11. c3 O-O 12. Be2 Bg5 13. O-O Be6 14.
Nc2 Ne7 15. Nce3 Nxd5 16. Nxd5 f5 17. exf5 Bxf5 18. Bf3 Rb8 19. Nb4 Rb6 20.
Nc6 Qc7 21. Bd5+ Kh8 22. Qh5 Bh6 23. Qh4 Rxc6 24. Bxc6 Qxc6 25. h3 Be4 26.
Qg4 Bf5 27. Qh4 Bf4 28. g3 Qf3 29. Rfe1 Bd2 30. g4 Be4 31. Rxe4 Qxe4 32.
Rf1 Qf4 33. Qe7 Be3 { White forfeits on time } 0-1

[Event "ICC tourney 2500 (45 10)"]
[Site "Internet Chess Club"]
[Date "2021.04.10"]
[Round "4"]
[White "Xia, Joshua:MathMonkey"]
[Black "NGUYEN, THOMAS:tn285"]
[Result "0-1"]
[ICCResult "White checkmated"]
[WhiteElo "1411"]
[BlackElo "1582"]
[Opening "Ruy Lopez: closed, Chigorin defense"]
[ECO "C97"]
[NIC "RL.23"]
[Time "18:31:19"]
[PlyCount "166"]
[TimeControl "2700+10"]

1. e4 e5 2. Nf3 Nc6 3. Bb5 a6 4. Ba4 Nf6 5. O-O b5 6. Bb3 Be7 7. c3 d6 8.
h3 O-O 9. Re1 Na5 10. Bc2 c5 11. d4 Qc7 12. d5 Nc4 13. Bd3 Nb6 14. Be3 Na4
15. b3 Nb2 16. Qc2 Nxd3 17. Qxd3 Bd7 18. c4 bxc4 19. bxc4 Rfb8 20. Nc3 Rb4
21. Reb1 Rab8 22. a3 Rb3 23. Rxb3 Rxb3 24. Qc2 Qb8 25. Nd2 Rb7 26. Rb1
Rxb1+ 27. Ndxb1 Bd8 28. Nd2 Ne8 29. Nb3 Qc8 30. a4 f5 31. f3 f4 32. Bc1 g5
33. Qf2 h5 34. g4 fxg3 35. Qxg3 g4 36. hxg4 hxg4 37. Nd1 Ng7 38. fxg4 Bxg4
39. Bh6 Nh5 40. Qg2 Kh7 41. Ne3 Bh3 42. Qd2 Nf4 43. Bxf4 exf4 44. Ng2 Qg4
45. Kh1 Bxg2+ 46. Qxg2 Qd1+ 47. Qg1 Qxb3 48. Qh2+ Kg7 49. Qxf4 Qd1+ 50. Kg2
Qe2+ 51. Kg1 Qd1+ 52. Kg2 Qc2+ 53. Kg1 Qb1+ 54. Kg2 Qb2+ 55. Kg1 Qf6 56.
Qc1 Qg5+ 57. Qxg5+ Bxg5 58. Kf2 Kf6 59. Ke2 Ke5 60. Kf3 a5 61. Kg4 Bh6 62.
Kh5 Bc1 63. Kg6 Kxe4 64. Kf7 Kd4 65. Ke6 Bf4 66. Kd7 Kxc4 67. Kc6 Kb4 68.
Kb6 Kxa4 69. Kc6 Kb3 70. Kb5 a4 71. Ka5 a3 72. Kb5 a2 73. Kc6 a1=Q 74. Kd7
Qe5 75. Kc6 Kb4 76. Kb6 Qe7 77. Kc6 Qd8 78. Kb7 Kb5 79. Ka7 c4 80. Kb7 c3
81. Ka7 c2 82. Kb7 c1=Q 83. Ka7 Qcc7# { White checkmated } 0-1